 Dungeon Crawl Stone Soup version 0.31.0-32-g396128a36d (webtiles) character file.

Game seed: 14982885066800573866

62 booth the Gusty (level 3, 0/26 HPs)
             Began as a Draconian Air Elementalist on Mar 28, 2024.
             Incinerated by a bombardier beetle (4 damage)
             ... with a burning spray
             ... on level 3 of the Dungeon.
             The game lasted 00:14:35 (2386 turns).

booth the Gusty (Draconian Air Elementalist)        Turns: 2386, Time: 00:14:35

Health: 0/26       AC: 16    Str: 10    XL:     3   Next: 85%
Magic:  0/6        EV: 12    Int: 17    God:
Gold:   69         SH:  0    Dex: 11    Spells: 3/6 levels left

rFire   . . .        k - +0 hand axe (protect)
rCold   . . .        (no shield)
rNeg    + . .        (body armour unavailable)
rPois   .            (helmet restricted)
rElec   .            c - +0 cloak
rCorr   .            b - +1 pair of gloves
SInv    .            n - +0 pair of boots
Will    .....        (no amulet)
Stlth   +            h - ring of positive energy
HPRegen 0.24/turn    (no ring)
MPRegen 0.10/turn

%: no passive effects
@: on fire, under a protective aura, glowing
A: AC +5, unfitting armour, cold-blooded
a: no special abilities


You were on level 3 of the Dungeon.
You visited 1 branch of the dungeon, and saw 3 of its levels.

You collected 69 gold pieces.

Inventory:

Hand Weapons
 k - a +0 hand axe of protection (weapon)
Missiles
 j - 3 datura-tipped darts
Armour
 b - a +1 pair of gloves (worn)
 c - a +0 cloak (worn)
 n - a +0 pair of boots (worn)
Jewellery
 e - a ring of fire
 h - a ring of positive energy (left hand)
Scrolls
 g - a scroll of blinking {unknown}
Potions
 a - a potion of magic
 d - a potion of might
 f - a potion of brilliance
 i - a potion of mutation {unknown}
 l - 2 potions of berserk rage {unknown}


   Skills:
 + Level 2.2 Dodging
 + Level 2.2 Stealth
 + Level 2.3 Spellcasting
 + Level 1.7 Conjurations
 * Level 3.7 Air Magic


You had 3 spell levels left.
You knew the following spells:

 Your Spells              Type           Power      Damage    Failure   Level
a - Shock                 Conj/Air       44%        1d5       6%          1
b - Static Discharge      Conj/Air       22%        3-4/arc   10%         2

Your spell library contained the following spells:

 Spells                   Type           Power      Damage    Failure   Level
 Swiftness                Air            14%        N/A       12%         3
 Airstrike                Air            7%         2d(1-17)  38%         4


Dungeon Overview and Level Annotations

Branches:
Dungeon (3/15)

Altars:
Elyvilon


Innate Abilities, Weirdness & Mutations

Your plain brown scales are hard. (AC +5)
You cannot fit into any form of body armour.
You are cold-blooded and may be slowed by cold attacks.


Message History

The bombardier beetle is severely wounded.
The liquid fire burns you!
The bombardier beetle waves its antennae.
The bombardier beetle sprays incendiary fluid at you.
The burning spray hits you.
You are even more covered in liquid fire!
Casting: Shock (safe; 6% risk of failure)
Confirm with . or Enter, or press ? or * to list all spells.
Aiming: Shock (safe; 6% risk of failure)
Press: ? - help, Shift-Dir - straight line The zap hits the bombardier beetle.
The bombardier beetle is severely wounded.
The liquid fire burns you!
Casting: Shock (safe; 6% risk of failure)
Confirm with . or Enter, or press ? or * to list all spells.
Aiming: Shock (safe; 6% risk of failure)
Press: ? - help, Shift-Dir - straight line The zap hits the bombardier beetle.
The bombardier beetle is severely wounded.
The liquid fire burns you!
The bombardier beetle sprays incendiary fluid at you.
The burning spray hits you.
You are even more covered in liquid fire!
Casting: Shock (safe; 6% risk of failure)
Confirm with . or Enter, or press ? or * to list all spells.
You don't have enough magic to cast this spell.
You hit the bombardier beetle.
Your weapon exudes an aura of protection.
The bombardier beetle is almost dead.
The liquid fire burns you!
* * * LOW HITPOINT WARNING * * *
The bombardier beetle bites you but does no damage.
Casting: Shock (safe; 6% risk of failure)
Confirm with . or Enter, or press ? or * to list all spells.
Aiming: Shock (safe; 6% risk of failure)
Press: ? - help, Shift-Dir - straight line The zap hits the bombardier beetle.
The bombardier beetle is almost dead.
The liquid fire burns you!
You die...

.#...#.#......# #.#....#
#..##.##......##.####..##
##. ..........##.#.......
# ...........##.#.......
...........##.#.......
.... ..... #.#....... #.#
#.#.....>.
######.#####.#.......
#...@B...............
......###.#.###.##.###.#
#.### #.#.<##.##.# #.#
#.#..##.##.# #.#
#.#..##.##.# #.#
..#..##.##.# #.#
#.#..##.##.# #.#
.....##.##.# #.# #.##.#
#.#


You could see a bombardier beetle.

Vanquished Creatures
  An adder (D:2)
  2 ribbon worms (D:2)
  4 ball pythons
  6 bats
  3 endoplasms (D:1)
  A giant cockroach (D:1)
  7 goblins
  4 hobgoblins
  7 kobolds
  3 quokkas
  4 frilled lizards
  5 rats
47 creatures vanquished.

Notes
Turn   | Place    | Note
-------+----------+-------------------------------------------
     0 | D:1      | booth the Draconian Air Elementalist began the quest for
                  | the Orb.
     0 | D:1      | Reached XP level 1. HP: 14/14 MP: 3/3
   277 | D:1      | Reached XP level 2. HP: 20/20 MP: 1/5
  1040 | D:1      | Learned a level 2 spell: Static Discharge
  1070 | D:1      | Reached XP level 3. HP: 25/26 MP: 6/6
  1233 | D:2      | Identified the +0 robe "Noink" {rCorr}
  1810 | D:2      | Found a faded altar of an unknown god.
  2257 | D:3      | Found a white marble altar of Elyvilon.
  2386 | D:3      | Incinerated by a bombardier beetle

Illustrated notes

Levels and vault maps discovered:
D:1:      dpeg_arrival_rooms_c, layout_basic
D:2:      layout_loops_ring, shapermc_ecumenical_altar_venn
D:3:      layout_basic, mainiacjoe_overflow_small_starburst,
          nicolae_qazlal_eye_of_the_storm, serial_shops, shop,
          nicolae_kite_square_tiling_tiny, chequers_serial_rivers_small_b

Skill      XL: |  1  2 |
---------------+-------+-----
Stealth        | 2 |  2.2
Dodging        | 2 |  2.2
Spellcasting   | |  2.3
Conjurations   | |  1.7
Air Magic      | |  3.7

Action                     || total
---------------------------++-------
  Melee: Unarmed           ||     3
         Dagger            ||    54
         Tailslap          ||     3
         Hand axe          ||    21
         Punch             ||     2
   Cast: Shock             ||    55
         Static Discharge  ||     1
    Use: Scroll            ||     4
         Potion            ||     1
   Stab: Sleeping          ||     1
 Armour: Skin              ||    41
  Dodge: Dodged            ||    48
